Cogmind - Beta 14 @@@ ROGUE MODE // 2024.08.08 @ 23:45:15 Player: APerTAS Result: Core destroyed Performance ------------- Evolutions (2) 1000 Regions Visited (4) 800 Robots Destroyed (7) 35 Value Destroyed (247) 247 Prototype IDs (3) 60 Alien Tech Used (0) 0 Bonus (200) 200 TOTAL SCORE: 2342 Bonus ------- Pacifist 200 Cogmind --------- Core Integrity 0/550 Matter 71/300 Energy 25/100 System Corruption 0% Temperature Cool (0) Movement Core (50) Location -8/Materials Parts ------- > --- POWER (1) -------- (None) > --- PROPULSION (2) --- (None) > --- UTILITY (2) ------ (None) > --- WEAPON (6) ------- (None) > --- INVENTORY (5) ---- (None) Peak State ------------ > --- POWER ------------ Light Nuclear Core > --- PROPULSION ------- (None) > --- UTILITY ---------- (None) > --- WEAPON ----------- Advanced EMP Blaster Advanced EMP Blaster Advanced EMP Blaster Advanced EMP Blaster > --- INVENTORY -------- (None) [Rating: 19] Favorites ----------- Power Light Nuclear Core Power Core Light Nuclear Core Propulsion Aluminum Leg Treads Armored Treads Leg Aluminum Leg Flight Unit Improved Flight Unit Utility Structural Scanner Device Structural Scanner Weapon Improved Assault Rifle Energy Gun Small Laser Ballistic Gun Improved Assault Rifle Launcher Advanced EMP Blaster Build | -11 -10 -10 -9 -8 ------- Run | Yrd Mat Min Mat Mat Slots Evolved 4 | . . . 2 2 Power . | . . . . . Propulsion . | . . . . . Utility . | . . . . . Weapon 4 | . . . 2 2 Parts Attached 19 | . . . 15 4 Power 1 | . . . 1 . Engine . | . . . . . Core 1 | . . . 1 . Reactor . | . . . . . Propulsion 8 | . . . 5 3 Treads 1 | . . . . 1 Leg 5 | . . . 3 2 Wheel . | . . . . . Hover . | . . . . . Flight 2 | . . . 2 . Utility 1 | . . . 1 . Device 1 | . . . 1 . Storage . | . . . . . Processor . | . . . . . Hackware . | . . . . . Protection . | . . . . . Artifact . | . . . . . Weapon 9 | . . . 8 1 Energy Gun 1 | . . . 1 . Energy Cannon . | . . . . . Ballistic Gun 3 | . . . 3 . Ballistic Cannon . | . . . . . Launcher 5 | . . . 4 1 Special Weapon . | . . . . . Impact Weapon . | . . . . . Slashing Weapon . | . . . . . Piercing Weapon . | . . . . . Special Melee Weapon . | . . . . . Unidentified Prototypes 3 | . . . 3 . Corrupted Parts 6 | . . . 6 . System Corruption 35 | . . . 35 . Parts Lost 7 | . . . 3 4 Power . | . . . . . Propulsion 5 | . . . 2 3 Utility 1 | . . . . 1 Weapon 1 | . . . 1 . Highest Loss Streak 3 | . . . 3 2 To Critical Strikes . | . . . . . Average Slot Usage (%) 20 | . . . 30 10 Leg 7 | . . . 11 3 Flight 1 | . . . 2 . Device 1 | . . . 1 2 Energy Gun 1 | . . . 2 . Ballistic Gun 4 | . . . 8 . Launcher 2 | . . . 3 1 Peak Build Rating 19 | . . . 19 7 Average Rating 3 | . . . 5 3 On Entrance . | . . . . 1 Naked Turns 193 | . 44 92 42 15 Heaviest Build 29 | . . . 29 1 Greatest Support 30 | 3 3 3 20 30 Greatest Overweight (x) 9 | . . . 9 . Average Overweight (x) . | . . . . . Largest Inventory Capacity 5 | 5 5 5 5 5 Average Capacity 5 | 5 5 5 5 5 Most Carried . | . . . . . Average Carried . | . . . . . Final Capacity 5 | 5 5 5 5 5 Final Carried . | . . . . . Class Distribution -------------------- 100% | Mutant Dominant Class ---------------- Mutant | -10/Materials Mutant | -10/Mines Mutant | -9/Materials Mutant | -8/Materials Resources | -11 -10 -10 -9 -8 ----------- Run | Yrd Mat Min Mat Mat Matter Collected 106 | . . . 106 . Remotely . | . . . . . Salvage Created 335 | . . . 149 186 Parts 20 | . . . 6 14 Haulers Intercepted 1 | . . . 1 . Recyclers Shooed 1 | . . . 1 . Parts Field Recycled . | . . . . . Retrieved Matter . | . . . . . Parts Self-Destructed . | . . . . . Prevented . | . . . . . Kills | -11 -10 -10 -9 -8 ------- Run | Yrd Mat Min Mat Mat Combat Hostiles Destroyed 5 | . . . 2 3 Guns 1 | . . . 1 . AOE 4 | . . . 1 3 Classes Destroyed 5 | . . . 3 2 Tunneler 1 | . . . . 1 Hauler 1 | . . . 1 . Grunt 3 | . . . 1 2 Sentry 1 | . . . 1 . Hunter 1 | . . . . 1 Best Kill Streak 4 | . . . 2 4 Combat Bots Only 3 | . . . 1 3 Max Kills in Single Turn 4 | . . . 2 4 Gunslinging . | . . . . . Exploded 3 | . . . 1 3 Melee . | . . . . . Uniques/NPCs Destroyed . | . . . . . Combat | -11 -10 -10 -9 -8 -------- Run | Yrd Mat Min Mat Mat Hostile Shots Fired 192 | . . 15 88 89 Missed 61 | . . 5 31 25 Damage Taken 2012 | . . 107 760 1145 Core 1001 | . . 107 338 556 Absorbed by Shields . | . . . . . Core Remaining (%) 57 | 100 . 57 15 . Volleys Fired 4 | . . . 2 2 Largest 2 | . . . 2 1 Hottest 72 | . . . 72 39 Shots Fired 7 | . . . 5 2 Gun 3 | . . . 3 . Cannon . | . . . . . Launcher 4 | . . . 2 2 Special . | . . . . . Kinetic 2 | . . . 2 . Thermal 1 | . . . 1 . Explosive . | . . . . . Electromagnetic 4 | . . . 2 2 Robot Hit Streak 4 | . . . 2 4 Robot Miss Streak 1 | . . . 1 . Penetration Max . | . . . . . Secondary Targets . | . . . . . Shots Hit Robots 5 | . . . 3 2 Core Hits 12 | . . . 6 6 Critical Kills . | . . . . . Critical Parts Destroyed . | . . . . . Critical Strikes . | . . . . . Melee Attacks . | . . . . . Impact . | . . . . . Slashing . | . . . . . Piercing . | . . . . . Sneak Attacks . | . . . . . Combat Hostiles . | . . . . . Follow-up Attacks . | . . . . . Damage Inflicted 418 | . . . 133 285 Guns 36 | . . . 36 . Cannons . | . . . . . Explosions 310 | . . . 67 243 Melee . | . . . . . Ramming 72 | . . . 30 42 Kinetic 36 | . . . 36 . Thermal . | . . . . . Explosive . | . . . . . Electromagnetic 310 | . . . 67 243 Impact . | . . . . . Slashing . | . . . . . Piercing . | . . . . . Highest Corruption 37 | . . . 37 . Average Corruption 31 | . . . 31 . Corruption Purged . | . . . . . Corruption Blocked . | . . . . . Effects 20 | . . . 20 . Message Errors 3 | . . . 3 . Matter Fused 3 | . . . 3 . Heat Flow Errors 2 | . . . 2 . Energy Discharges 2 | . . . 2 . Parts Fused 1 | . . . 1 . Data Loss (minor) 3 | . . . 3 . Data Loss (major) 1 | . . . 1 . Misfires 1 | . . . 1 . Misdirections 4 | . . . 4 . Overload Shots . | . . . . . Overflow Damage . | . . . . . Projectiles . | . . . . . Explosions . | . . . . . Melee . | . . . . . Knockbacks 1 | . . . 1 . Impact 1 | . . . 1 . Kinetic . | . . . . . Secondary . | . . . . . Self-Inflicted Damage 201 | . . . 68 133 Shots 5 | . . . 2 3 Rammed 9 | . . . 6 3 Targets Rammed 21 | . . . 13 8 Kicked 12 | . . . 7 5 Crushed . | . . . . . Highest Temperature 250 | . . 8 250 18 Average Temperature 80 | . . 8 95 11 Received Heat Transfer 876 | . . 57 324 495 Siege Activations . | . . . . . Robots Corrupted . | . . . . . Combat Hostiles . | . . . . . Parts Fried . | . . . . . Impact Corruptions . | . . . . . Robots Melted . | . . . . . Combat Hostiles . | . . . . . Parts Melted . | . . . . . Heat Transferred . | . . . . . Parts Sabotaged . | . . . . . Parts Stolen . | . . . . . Parts Stripped . | . . . . . Power Chain Reactions 3 | . . . 1 2 Alert | -11 -10 -10 -9 -8 ------- Run | Yrd Mat Min Mat Mat Peak Influence 136 | . . 40 136 136 Initial 50 | . . . 15 50 Average 54 | . . 17 69 61 Maximum Alert Level . | . . . . . Low Security (%) 100 | 100 100 100 100 100 Level 1 . | . . . . . Level 2 . | . . . . . Level 3 . | . . . . . Level 4 . | . . . . . Level 5 . | . . . . . High Security . | . . . . . Max Security . | . . . . . Squads Dispatched 2 | . . . 1 1 Investigation 1 | . . . . 1 Extermination . | . . . . . Reinforcement 1 | . . . 1 . Assault . | . . . . . Garrison . | . . . . . Intercept . | . . . . . Searches Triggered . | . . . . . Construction Impeded . | . . . . . Haulers Reinforced . | . . . . . Active Scanning Responses . | . . . . . Cargo Convoy Interrupts . | . . . . . Stealth | -11 -10 -10 -9 -8 --------- Run | Yrd Mat Min Mat Mat Distress Signals 3 | . . . 2 1 Communications Jammed . | . . . . . Distress Signals . | . . . . . Times Spotted 28 | . . 6 14 8 Peak Tracking Total 10 | . . 4 10 7 Tactical Retreats 3 | . . 1 2 . Traps | -11 -10 -10 -9 -8 ------- Run | Yrd Mat Min Mat Mat Traps Triggered 1 | . . . 1 . Indirectly . | . . . . . Trap Hack Attempts . | . . . . . Triggered . | . . . . . Disarmed . | . . . . . Reprogrammed . | . . . . . Reused . | . . . . . Traps Extracted . | . . . . . Installed . | . . . . . Triggered 1 | . . 1 . . Machines | -11 -10 -10 -9 -8 ---------- Run | Yrd Mat Min Mat Mat Machines Disabled 1 | . . . . 1 Max in Single Turn 1 | . . . . 1 Machines Repaired . | . . . . . Machines Dismantled . | . . . . . Machines Sabotaged . | . . . . . Overloaded Fab Kills . | . . . . . Hacking | -11 -10 -10 -9 -8 --------- Run | Yrd Mat Min Mat Mat Machines Accessed 2 | . . . . 2 Terminals 2 | . . . . 2 Fabricators . | . . . . . Repair Stations . | . . . . . Recycling Units . | . . . . . Scanalyzers . | . . . . . Garrison Access . | . . . . . Total Hacks 7 | . . . . 7 Successful 3 | . . . . 3 Failed 4 | . . . . 4 Catastrophic . | . . . . . Database Lockouts . | . . . . . Manual 6 | . . . . 6 Terminals 7 | . . . . 7 Fabricators . | . . . . . Repair Stations . | . . . . . Recycling Units . | . . . . . Scanalyzers . | . . . . . Garrison Access . | . . . . . Terminal Hacks . | . . . . . Fabricator Hacks . | . . . . . Repair Station Hacks . | . . . . . Recycling Unit Hacks . | . . . . . Scanalyzer . | . . . . . Garrison Access Hacks . | . . . . . Unauthorized Hacks 3 | . . . . 3 Terminals 3 | . . . . 3 Botnet 2 | . . . . 2 Sabotage 1 | . . . . 1 Fabricators . | . . . . . Repair Stations . | . . . . . Recycling Units . | . . . . . Scanalyzers . | . . . . . Garrison Access . | . . . . . Data Cores Recovered . | . . . . . Used . | . . . . . Hacking Detections 2 | . . . . 2 Full Trace Events 1 | . . . . 1 Feedback Events . | . . . . . Feedback Blocked . | . . . . . Robot Schematics Acquired . | . . . . . Robots Built . | . . . . . Authchips . | . . . . . Time . | . . . . . Total Robot Build Rating . | . . . . . Part Schematics Acquired . | . . . . . Parts Built . | . . . . . Authchips . | . . . . . Time . | . . . . . Total Part Build Rating . | . . . . . Parts Repaired . | . . . . . Time . | . . . . . Parts Recycled . | . . . . . Recycled Matter . | . . . . . Retrieved Matter . | . . . . . Retrieved Components . | . . . . . Parts Scanalyzed . | . . . . . Part Schematics Acquired . | . . . . . Parts Damaged . | . . . . . Bothacking | -11 -10 -10 -9 -8 ------------ Run | Yrd Mat Min Mat Mat Used RIF Installer . | . . . . . Robots Hacked . | . . . . . Non-combat . | . . . . . Combat . | . . . . . Robot Hacks Applied . | . . . . . Relay Couplers Released . | . . . . . Fabnet Peak Effective % . | . . . . . Robots Rewired . | . . . . . Allies Hacked . | . . . . . Hacks Repelled . | . . . . . Allies | -11 -10 -10 -9 -8 -------- Run | Yrd Mat Min Mat Mat Total Allies . | . . . . . Largest Group . | . . . . . Highest-Rated Group . | . . . . . Highest-Rated Ally . | . . . . . Total Orders . | . . . . . Ally Attacks . | . . . . . Total Damage . | . . . . . Kills . | . . . . . Allies Corrupted . | . . . . . Allies Melted . | . . . . . Intel | -11 -10 -10 -9 -8 ------- Run | Yrd Mat Min Mat Mat Robot Analysis Total . | . . . . . Derelict Logs Recovered 1 | . . 1 . . Drone Launches . | . . . . . Drone Recoveries . | . . . . . Exploration | -11 -10 -10 -9 -8 ------------- Run | Yrd Mat Min Mat Mat Turns Passed 604 | 9 44 92 348 111 Spaces Moved 658 | 18 87 183 278 92 Core 460 | 18 87 183 117 55 Treads 23 | . . . . 23 Legs 163 | . . . 149 14 Wheels . | . . . . . Hover . | . . . . . Flight 12 | . . . 12 . Fastest Speed 37 | 50 50 50 37 50 Average Speed 75 | 50 50 50 96 90 Slowest Speed 500 | 50 50 50 500 170 Overloaded Moves . | . . . . . Propulsion Burnouts . | . . . . . Robots Hopped . | . . . . . Cave-ins Triggered . | . . . . . Exploration Rate (%) 27 | 3 22 63 33 15 Regions Visited 4 Branch Regions 1 Pre-discovered Areas . | . . . . . Known Exits Taken . | . . . . . Unknown Exits Taken 4 | 1 1 1 1 . Scrap Searched . | . . . . . Spaces Dug . | . . . . . Terrain Destroyed 10 | . . . 4 6 Melee . | . . . . . Projectile . | . . . . . AOE 10 | . . . 4 6 Terrain Rammed 1 | . . . . 1 Walls Destroyed . | . . . . . Machines Disabled . | . . . . . Actions | -11 -10 -10 -9 -8 --------- Run | Yrd Mat Min Mat Mat Total 746 | 17 86 182 347 114 Wait 42 | . . . 34 8 Move 654 | 17 86 182 277 92 Hop . | . . . . . Pick Up . | . . . . . Fast Attach 19 | . . . 15 4 Attach . | . . . . . Detach . | . . . . . Swap . | . . . . . Drop 5 | . . . 5 . Fire 4 | . . . 2 2 Melee . | . . . . . Ram 10 | . . . 7 3 Kick 12 | . . . 7 5 Crush . | . . . . . Escape Stasis . | . . . . . Rewire . | . . . . . Trap . | . . . . . Miscellaneous . | . . . . . Route ------- -11/Scrapyard -10/Materials -10/Mines -9/Materials -8/Materials History --------- Turn | Location | Event 2 | -11/Scrapyard | Met Revision 17 4 | -11/Scrapyard | Discovered new exit (range 12) 10 | -11/Scrapyard | Entered Materials 43 | -10/Materials | Discovered new exit (range 16) 54 | -10/Materials | Entered Mines 65 | -10/Mines | Learned Materials interactive machine intel 138 | -10/Mines | Discovered new exit (range 16) 146 | -10/Mines | Entered Materials 146 | -9/Materials | Evolved 2 slots: Weapon x2 147 | -9/Materials | Loaded intel: 18 interactive machine locations 211 | -9/Materials | Released all parts (5) 221 | -9/Materials | System corruption reached 10% 275 | -9/Materials | System corruption reached 30% 300 | -9/Materials | Build established: Mutant 486 | -9/Materials | Discovered new exit (range 12) 487 | -9/Materials | Core integrity fell below 50% 494 | -9/Materials | Core integrity fell below 20% 494 | -9/Materials | Entered another Materials area 494 | -8/Materials | Evolved 2 slots: Weapon x2 515 | -8/Materials | Lost 3 parts (2n1w) 579 | -8/Materials | Core integrity fell below 50% 600 | -8/Materials | Core integrity fell below 20% 601 | -8/Materials | Released all parts (1) 605 | -8/Materials | Core destroyed Last Messages --------------- 00572_ Penetrated by Slug. 00572_ Kicked G-47 Trooper out of the way. 00578_ Penetrated by Slug. 00585_ Carbon-fiber Leg destroyed. 00587_ Acquired Proton Missile Launcher. 00588_ Carbon-fiber Leg destroyed. 00588_ G-47 Trooper destroyed. 00588_ Door malfunctions. 00592_ K-01 Serf collects debris. 00599_ Chain reaction triggered in Corrupted Mic. Nuclear Core. 00599_ Chain reaction triggered in Mic. Nuclear Core. 00599_ Scanalyzer disabled. 00599_ U-05 Engineer lays Concrete. 00601_ Released Proton Missile Launcher. 00602_ U-05 Engineer lays Concrete. 00602_ Slammed into G-47 Trooper. 00603_ U-05 Engineer lays Concrete. 00603_ Slammed into G-47 Trooper. 00605_ Slammed into Wall. 00605_ Destabilizing: Core damaged (-27). Map ----- +----------------------------------------------------+ | ???????????????????????????????????????"""" ### | | ???????????????????????????????????????"""" ### | | ????????????????????????????????????? """"" ### | | ??????????????????????????????????? """"" ### | | ?????????????????????????????????? """"" ##### | | ??????????????????????????????????## """"" | | ??????????????????????????????????## | | ??????????????????????????????????## | | ??????????????????????????????????## ###+##### | | ??????????????????????????????????## ## ## | | ???????????????????????????###????## ## ## | | ??????????????????????????? ????# ## ## | | ??????????????????????????!! ????# ## """ ## | | ??????????????????????????! ?????# ## """ ## | | ?????????????????????????? ! ????# ## """ ## | | ?????????????????????????? ????# ## ### | | ?????????????????????????? ""?????# ###+###### | | ?????????????????????????? S"??????# # # | | ?????????????????????????? ???????# # # | | ?????????###/#############/######### + # | | ????????? =%=%* # "" # | | ???????? g [==[!= #""""" # | | ????????? =[%*%| #""""" # | | ????????????????#### g #######/### #""""" !# | | ???????????????????# #??# ![# # """ # | | ???????????????????#]] !@#??#= ![=# # # | | ???????????????????#]]**!!#??# =]# ########## | | ???????????????????#; ;#??# ]%*# #????##### | | ???????????????????########??# # #????????? | | ?????????????????????????????# ] # #????????? | | ?????????????????????????????######## #????????? | | ????????????????????????????????????# #????????? | | ????????????????????????????????????# #????????? | | ????????????????????????????????????# +????????? | | ????????????????????????????????????# #????????? | | ????????????????????????????????????? #????????? | | ????????????????????????????????????? ?????????? | | ?????????????????????????????????????????????????? | | ?????????????????????????????????????????????????? | | ?????????????????????????????????????????????????? | | ?????????????????????????????????????????????????? | | ?????????????????????????????????????????????????? | | ?????????????????????????????????????????????????? | | ?????????????????????????????????????????????????? | | ?????????????????????????????????????????????????? | | ?????????????????????????????????????????????????? | | ?????????????????????????????????????????????????? | | ?????????????????????????????????????????????????? | | ?????????????????????????????????????????????????? | | ?????????????????????????????????????????????????? | +----------------------------------------------------+ Best States ------------- Heat Dissipation 31 Energy Generation 14 Energy Capacity 160 Matter Stores 120 Matter Capacity 300 Sight Range 16 Terrain Scan Density 10 Evasion (%) 62 Recoil Reduction 1 Item Schematics ----------------- None Robot Schematics ------------------ None Fabricated ------------ Nothing Alien Tech Used ----------------- None Achievements -------------- None Challenges ------------ None Game ------ Seed BoreExplosiveDatajack Manual? 0 Play Time 00:08:29 Cumulative 18.0 hours Start 2024.08.08 @ 23:38:28 End 2024.08.08 @ 23:45:15 Sessions 1 Manual Loads 0 Difficulty Rogue Special Mode None Game No. 87 Rogue 87 Adventurer 0 Explorer 0 Win Type - Total 0 Types 0/0/0/0/0/0/0/0/0 Lore% 27 Gallery% 22 Achievement% 32 Wizard Run 0 Options --------- Layout 0 ASCII 0 Keyboard 0 Movement Arrows Keybinds 0 Fullscreen 2 Font 18/Terminus Map View 76x50 Zoom Use 0% Tactical HUD 1 Map Filters NONE Filters NONE Steam 1 RUN: cb3d7bb3-cf9b-4049-b451-c77421b45b69